 Dungeon Crawl Stone Soup version 0.29.1-13-g9f3cf754e1 (webtiles) character file.

Game seed: 7196547989779304809

125990 Gabide the Shatterer (level 17, -6/146 HPs)
             Began as a Formicid Berserker on Jan 31, 2023.
             Was an Elder of Trog.
             Hit by a silver javelin thrown by a merfolk javelineer (24 damage)
             ... on level 4 of the Shoals.
             The game lasted 01:00:19 (24609 turns).

Gabide the Shatterer (Formicid Berserker)          Turns: 24609, Time: 01:00:19

Health: -6/146     AC: 15    Str: 36    XL:     17   Next: 52%
Magic:  17/17      EV: 21    Int: 10    God:    Trog [****..]
Gold:   852        SH:  0    Dex: 16    Spells: 16/16 levels left

rFire   . . .      SeeInvis +   U - +4 giant spiked club of Ziherphagg {vorpal, rN++}
rCold   . . .      Faith    .   (shield currently unavailable)
rNeg    + + .      Spirit   .   V - +1 troll leather armour {Snorg}
rPois   +          Reflect  .   (helmet unavailable)
rElec   .          Harm     .   y - +2 cloak {rPois}
rCorr   .          Rampage  .   D - +1 pair of gloves {Dex+3}
Will    +++..                   G - +0 pair of boots
Stlth   +.........              H - amulet of regeneration
HPRegen 2.94/turn               d - +4 ring of protection
MPRegen 0.15/turn               L - ring of Obrihuu {rPois Str+6 Int+3 Slay+2 SInv}

@: strong-willed, regenerating, studying Dodging
A: permanent stasis, dig shafts and tunnels, antennae 3, four strong arms
a: Dig, Shaft Self, Renounce Religion, Trog's Hand, Brothers in Arms


You were on level 4 of the Shoals.
You worshipped Trog.
Trog was greatly pleased with you.
You visited 4 branches of the dungeon, and saw 26 of its levels.
You also visited: Gauntlet.

You collected 2661 gold pieces.
You spent 1809 gold pieces at shops.

Inventory:

Hand Weapons
 b - a +6 spectral giant club
 l - a +0 antimagic giant spiked club
 S - a +2 giant spiked club of flaming
 U - the +4 giant spiked club of Ziherphagg (weapon) {vorpal, rN++}
   (Trog gifted it to you on level 1 of the Orcish Mines)

   It inflicts extra damage upon your enemies.
   rN:        It greatly protects you from negative energy.
 W - the +6 giant club of Zenunk {vorpal, Str+6}
   (Trog gifted it to you on level 2 of the Orcish Mines)

   It inflicts extra damage upon your enemies.
   Str:       It affects your strength (+6).
 X - a +7 antimagic giant club
Missiles
 a - 9 throwing nets
 n - 4 datura-tipped darts
 u - 42 boomerangs
 w - 23 curare-tipped darts
 A - 9 silver javelins
 N - 9 javelins
Armour
 y - a +2 cloak of poison resistance (worn)
 D - a +1 pair of gloves of dexterity (worn)
 G - a +0 pair of boots (worn)
 P - the +0 chain mail of Unambiguity {rF- rC+ Slay+5}
   (You found it in a Gauntlet)

   Slay:      It affects your accuracy & damage with ranged weapons and melee
   (+5).
   rF:        It makes you vulnerable to fire.
   rC:        It protects you from cold.
 R - the +1 robe of Bitterness {rF+++ Will- Str+7 Dex-3}
   (You found it on level 5 of the Lair of Beasts)

   Str:       It affects your strength (+7).
   Dex:       It affects your dexterity (-3).
   rF:        It renders you almost immune to fire.
   Will:      It decreases your willpower.
 V - a +1 troll leather armour (worn) {Snorg}
Jewellery
 d - a +4 ring of protection (left hand)
 k - a +4 ring of protection
 r - a ring of protection from fire
 v - a ring of willpower
 F - an amulet of reflection
 H - an amulet of regeneration (around neck)
 L - the ring of Obrihuu (right hand) {rPois Str+6 Int+3 Slay+2 SInv}
   (You found it on level 4 of the Lair of Beasts)

   [ring of strength]

   Str:       It affects your strength (+6).
   Int:       It affects your intelligence (+3).
   Slay:      It affects your accuracy & damage with ranged weapons and melee
   (+2).
   rPois:     It protects you from poison.
   SInv:      It lets you see invisible.
 M - the ring of Brilliance {rN+ rCorr Int-4 SInv}
   (You found it in a Gauntlet)

   [ring of see invisible]

   Int:       It affects your intelligence (-4).
   rN:        It protects you from negative energy.
   SInv:      It lets you see invisible.
   rCorr:     It protects you from acid and corrosion.
 T - an amulet of faith
Wands
 j - a wand of roots (11)
 p - a wand of flame (44) (quivered)
 B - a wand of charming (17)
 I - a wand of light (7)
 O - a wand of polymorph (8)
Scrolls
 g - a scroll of enchant armour
 h - 4 scrolls of poison
 m - 2 scrolls of fog
 C - a scroll of magic mapping
 E - a scroll of vulnerability
 K - 2 scrolls of enchant weapon
 Q - 3 scrolls of identify
Potions
 c - 2 potions of might
 e - 5 potions of attraction
 f - 7 potions of resistance
 o - 2 potions of ambrosia
 q - 6 potions of mutation
 s - 9 potions of curing
 t - 7 potions of magic
 x - 2 potions of lignification
 z - 3 potions of flight
Miscellaneous
 J - a phial of floods


   Skills:
 + Level 16.8 Fighting
 * Level 21.1 Maces & Flails
 - Level 2.1 Armour
 + Level 16.9 Dodging


You had 16 spell levels left.
You didn't know any spells.
Your spell library was empty.

Dungeon Overview and Level Annotations

Branches:
Dungeon (15/15)            Temple (0/1) D:5            Lair (5/5) D:8
 Shoals (4/4) Lair:2        Snake (0/4) Lair:2        Slime (0/5) Lair:5
    Orc (2/2) D:9             Elf (0/3) Orc:2        Vaults (0/5) D:13
 Depths (0/4) D:15        Gauntlet (visited)

Altars:
Gozag
Hepliaklqana
Kikubaaqudgha
Trog
Uskayaw
Vehumet
Wu Jian
Yredelemnul
Jiyva
Lugonu

Shops:
D:3 [   D:5 *   D:14 =   Orc:2 =[*?   Shoals:1 :[   Shoals:2 (

Portals:
Abyss: Lair:1 Lair:5
Pandemonium: Orc:2

Annotations:
D:11 2 transporters, Quig's ghost, journeyman GrFi
Lair:1 2 transporters, LaMa's ghost, journeyman MfGl
Lair:2 2 transporters, tykejmi's ghost, adept HOBe


Innate Abilities, Weirdness & Mutations

You cannot be hasted, slowed, berserked, paralysed or teleported.
You can dig through walls and to a lower floor.
You have a pair of large antennae on your head. (SInv)
Your four strong arms can wield two-handed weapons with a shield.


Message History

The merfolk javelineer throws a silver javelin.
The silver javelin pierces through you!
* * * LOW HITPOINT WARNING * * *
x2 The water nymph points at you and mumbles some strange words.
The water swirls and strikes you!
* * * LOW HITPOINT WARNING * * *
As you read the scroll of fear, it crumbles to dust.
You assume a fearsome visage.
The water nymph resists with almost no effort.
The merfolk javelineer looks frightened!
The merfolk impaler looks frightened!
The wind drake looks frightened! x2
A merfolk aquamancer comes into view. It is wielding a +3 rapier of speed.
Why would you want to do that?
The water nymph points at you and mumbles some strange words.
The water swirls and strikes you!!
* * * LOW HITPOINT WARNING * * *
Okay, then.
Your skin crawls.
You feel strong-willed. The water elemental closely misses you.
The water elemental attacks as you move away!
The water elemental completely misses you.
The water elemental attacks as you move away!
The water elemental closely misses you.
The water elemental attacks as you move away!
The water elemental misses you.
The water elemental attacks as you move away!
The water elemental hits you.
* * * LOW HITPOINT WARNING * * *
The merfolk javelineer throws a silver javelin.
The silver javelin misses you.
The water elemental attacks as you move away!
The water elemental completely misses you.
The merfolk javelineer throws a silver javelin.
The silver javelin pierces through you but does no damage.
* * * LOW HITPOINT WARNING * * *
There is a stone staircase leading up here.
The merfolk javelineer throws a silver javelin.
The silver javelin pierces through you!!
You die...

~P ~~~ ~~~~ ≈≈ { #~~~~~
≈≈# # #~~~~~~ ≈≈≈#
.#.~~~~~.
≈≈≈~######...~~~~~..#
≈≈~~~~~..@:...~~~~.P)
≈≈~~~....E.....~~~P~..
≈~~~......~.~..~~~P≈~~P
≈~~~......~m...~~≈≈≈≈≈≈≈≈
≈≈~~..)....~~~~~~~≈≈≈≈≈≈≈
≈≈~~........~~(~~~~≈≈≈≈≈≈
≈≈≈~~...~~~~~~~m~~~~≈≈≈≈≈
≈≈≈~~...~≈≈~~~~~~~~~~~~≈≈
≈≈≈≈≈≈≈≈≈≈~~~†~~...~~~~≈≈


You could see a merfolk javelineer, a water elemental and a water nymph.

Vanquished Creatures
  Ilsuiw (Shoals:3)
  Nessos (D:15)
  An entropy weaver (Gauntlet)
  A minotaur (Gauntlet)
  4 merfolk impalers
  2 merfolk javelineers
  Snorg (Orc:1)
  Harold (D:9)
  A catoblepas (Gauntlet)
  4 hydras
  A rakshasa (D:15)
  3 centaur warriors
  2 two-headed ogres (D:11)
  3 boulder beetles
  An alligator snapping turtle (Shoals:2)
  3 merfolk avatars
  A demonspawn (Orc:2)
  3 satyrs (Shoals:3)
  3 death yaks (Lair:5)
  2 thrashing horrors (Lair:5)
  7 orc high priests (Orc:2)
  Urug (Lair:1)
  Nergalle (Lair:1)
  Sonja (Lair:1)
  A soul eater (Orc:2)
  2 large abominations (Lair:5)
  An iron troll (D:13)
  A sun demon (Orc:2)
  5 skeletal warriors (D:14)
  The ghost of daba11 the Ducker, a novice MfVM (D:6)
  6 sea snakes
  6 orc knights
  2 necromancers
  8 harpies
  A wizard (D:15)
  Pikel (D:4)
  A wolf spider zombie (D:15)
  5 deep elf pyromancers
  A mana viper (shapeshifter) (Lair:5)
  5 fauns (Shoals:3)
  7 orc sorcerers
  9 ugly things
  A wolf spider (D:15)
  6 cyclopes
  8 manticores
  5 merfolk sirens
  Maurice (D:12)
  Joseph (D:9)
  A guardian serpent (shapeshifter) (Lair:5)
  A naga mage (D:15)
  15 elephants (Lair:5)
  5 black mambas
  2 smoke demons
  5 water nymphs
  9 cane toads
  2 gargoyles
  A torpor snail (Lair:5)
  A kobold demonologist (D:10)
  A rime drake (Lair:5)
  2 centaur skeletons (D:15)
  10 komodo dragons
  2 freezing wraiths (D:14)
  2 ancient zymes (Lair:5)
  A hellwing (Orc:2)
  A blink frog (shapeshifter) (D:13)
  30 merfolk
  5 trolls
  2 wind drakes (Shoals:3)
  3 polar bears
  21 blink frogs
  7 slime creatures
  8 dream sheep
  Prince Ribbit (D:9)
  4 snapping turtles
  2 centaur simulacra (D:15)
  4 water elementals
  5 wraiths
  2 ynoxinuls
  4 wyverns
  A yak (shapeshifter) (D:14)
  2 spriggans (Lair:5)
  32 yaks
  5 basilisks
  3 chaos spawn (Lair:5)
  Grum (D:8)
  8 vampire mosquitoes
  2 wargs (Orc:2)
  2 steam dragons
  2 redbacks (Gauntlet)
  4 acid dragons
  12 small abominations (Lair:5)
  A naga (Lair:2)
  12 water moccasins
  46 orc warriors
  A meliai simulacrum (D:15)
  A black bear (D:5)
  11 centaurs
  8 ogres
  28 wolves
  2 lemures (D:4)
  11 kobold brigands
  A necrophage (D:4)
  9 bullfrogs
  A gnoll sergeant (D:8)
  3 scorpions
  6 wights
  11 killer bees (D:9)
  2 howler monkeys
  3 crimson imps (Gauntlet)
  A gnoll bouda (D:8)
  A jelly (D:6)
  Crazy Yiuf (D:4)
  38 orc priests
  An iguana (D:6)
  30 orc wizards
  6 hell rats (Lair:5)
  A statue (D:6)
  Robin (D:4)
  9 gnolls (D:8)
  4 adders
  A shadow imp (D:7)
  2 white imps
  A dart slug (shapeshifter) (Lair:5)
  4 dart slugs
  88 orcs
  3 endoplasms
  4 giant cockroaches
  12 goblins
  9 hobgoblins
  4 jackals (D:3)
  6 quokkas
  16 ball pythons
  5 bats
  5 frilled lizards
  8 kobolds
  7 rats
  A butterfly (Lair:1)
793 creatures vanquished.

Vanquished Creatures (collateral kills)
  A sea snake (Shoals:3)
  A merfolk siren (Shoals:3)
  A water nymph (Shoals:1)
3 creatures vanquished.

Vanquished Creatures (others)
  An orc wizard (D:11)
  2 orcs
  16 fungi
  51 plants
  8 tentacles
  A withered plant (Gauntlet)
79 creatures vanquished.

Grand Total: 875 creatures vanquished

Notes
Turn   | Place    | Note
-------+----------+-------------------------------------------
     0 | D:1      | Gabide the Formicid Berserker began the quest for the Orb.
     0 | D:1      | Reached XP level 1. HP: 18/18 MP: 1/1
   155 | D:1      | Reached XP level 2. HP: 20/24 MP: 2/2
   815 | D:1      | Reached XP level 3. HP: 20/29 MP: 3/3
   917 | D:1      | Reached ** piety under Trog
  1397 | D:2      | Reached XP level 4. HP: 25/37 MP: 4/4
  1610 | D:2      | Found an ornate altar of the Wu Jian Council.
  1783 | D:2      | Reached skill level 4 in Maces & Flails
  2071 | D:3      | Identified the +0 robe of Articulation {+Blink Regen+ Int+4
                  | Dex-4}
  2560 | D:3      | Found Qeinooma's Antique Armour Shop.
  2622 | D:3      | Bought a pair of gloves for 144 gold pieces
  2715 | D:4      | Reached *** piety under Trog
  2775 | D:4      | Noticed Robin
  2790 | D:4      | Reached XP level 5. HP: 42/42 MP: 5/5
  2813 | D:4      | Killed Robin
  3405 | D:4      | Reached XP level 6. HP: 48/49 MP: 6/6
  3768 | D:4      | Found a runed translucent door.
  3769 | D:4      | Noticed Crazy Yiuf
  3842 | D:4      | Reached skill level 5 in Maces & Flails
  3901 | D:4      | Noticed Pikel
  3925 | D:4      | Killed Pikel
  3926 | D:4      | Reached skill level 5 in Fighting
  3926 | D:4      | Reached skill level 6 in Maces & Flails
  3926 | D:4      | Reached XP level 7. HP: 34/56 MP: 7/7
  3926 | D:4      | Reached XP level 8. HP: 38/63 MP: 8/8
  4128 | D:4      | Killed Crazy Yiuf
  4206 | D:5      | Entered Level 5 of the Dungeon
  4590 | D:5      | Reached skill level 7 in Maces & Flails
  4848 | D:5      | Found a staircase to the Ecumenical Temple.
  4969 | D:5      | Found Onazo's Assorted Antiques.
  5566 | D:6      | Noticed a wraith
  5590 | D:5      | Killed a wraith
  5780 | D:6      | Noticed a wyvern
  5795 | D:6      | Killed a wyvern
  5796 | D:6      | Reached skill level 8 in Maces & Flails
  5796 | D:6      | Reached skill level 5 in Dodging
  5796 | D:6      | Reached XP level 9. HP: 29/71 MP: 9/9
  6156 | D:6      | Found a radiant altar of Vehumet.
  6692 | D:6      | Found a runed translucent gate.
  6693 | D:6      | Found a runed translucent gate.
  6693 | D:6      | Noticed daba11's ghost (novice MfVM)
  6725 | D:6      | Found a runed translucent gate.
  6774 | D:6      | Found a bloodstained altar of Trog.
  6800 | D:6      | Found an ancient bone altar of Kikubaaqudgha.
  7131 | D:7      | Found a basalt altar of Yredelemnul.
  7162 | D:7      | Reached skill level 9 in Maces & Flails
  7798 | D:8      | Noticed a komodo dragon
  7813 | D:8      | Killed a komodo dragon
  7814 | D:8      | Reached XP level 10. HP: 32/80 MP: 10/10
  7953 | D:8      | Noticed Grum
  7975 | D:8      | Reached skill level 10 in Maces & Flails
  7991 | D:8      | Killed Grum
  8166 | D:8      | Identified a scroll of acquirement
  8166 | D:8      | Acquired a +6 spectral giant club
  8232 | D:8      | Found a staircase to the Lair.
  9151 | D:8      | Acquired a manual of Dodging
  9175 | D:9      | Reached skill level 11 in Maces & Flails
  9227 | D:9      | Noticed Prince Ribbit
  9232 | D:9      | Killed Prince Ribbit
  9241 | D:9      | Reached **** piety under Trog
  9465 | D:9      | Reached XP level 11. HP: 89/89 MP: 11/11
  9505 | D:9      | Noticed Joseph
  9516 | D:9      | Killed Joseph
  9517 | D:9      | Reached skill level 12 in Maces & Flails
  9690 | D:9      | Noticed Harold
  9696 | D:9      | Killed Harold
  9744 | D:9      | Found a hazy altar of Hepliaklqana.
  9744 | D:9      | Found a hide-covered altar of Uskayaw.
  9861 | D:9      | Reached skill level 10 in Fighting
  9888 | D:9      | Found a staircase to the Orcish Mines.
 10164 | D:6      | Killed daba11's ghost
 10275 | D:10     | Entered Level 10 of the Dungeon
 10278 | D:10     | Noticed a sun demon
 10390 | D:10     | Reached ***** piety under Trog
 10543 | D:10     | Reached skill level 13 in Maces & Flails
 10652 | D:10     | Reached skill level 10 in Dodging
 10803 | D:10     | Acquired a +0 pair of gloves of dexterity
 10886 | D:10     | Reached XP level 12. HP: 99/99 MP: 12/12
 11413 | D:11     | Noticed Quig's ghost (journeyman GrFi)
 11426 | D:11     | Found a transporter.
 11429 | D:11     | Noticed a two-headed ogre
 11431 | D:11     | Found a transporter.
 11439 | D:11     | Killed a two-headed ogre
 11509 | D:11     | Noticed a two-headed ogre
 11516 | D:11     | Killed a two-headed ogre
 11672 | D:12     | Reached skill level 14 in Maces & Flails
 11680 | D:12     | Noticed Maurice
 11690 | D:12     | Killed Maurice
 12127 | D:13     | Noticed a centaur warrior
 12131 | D:13     | Killed a centaur warrior
 12155 | D:13     | Found an opulent altar of Gozag.
 12308 | D:13     | Reached XP level 13. HP: 69/107 MP: 13/13
 12405 | D:13     | Noticed a four-headed hydra
 12408 | D:13     | Killed a four-headed hydra
 12409 | D:13     | Reached skill level 15 in Maces & Flails
 12500 | D:13     | Noticed a centaur warrior
 12505 | D:13     | Killed a centaur warrior
 12676 | D:13     | Found a gate to the Vaults.
 12908 | Lair:1   | Entered Level 1 of the Lair of Beasts
 12923 | Lair:1   | Received a gift from Trog
 12993 | Lair:1   | Found a transporter.
 12995 | Lair:1   | Noticed a rakshasa
 13211 | Lair:1   | Noticed LaMa's ghost (journeyman MfGl)
 13212 | Lair:1   | Found a one-way gate to the infinite horrors of the Abyss.
 13219 | Lair:1   | Found a transporter.
 13235 | Lair:1   | Noticed Sonja
 13241 | Lair:1   | Killed Sonja
 13361 | Lair:1   | Noticed Urug
 13369 | Lair:1   | Killed Urug
 13370 | Lair:1   | Reached skill level 16 in Maces & Flails
 13603 | Lair:1   | Noticed Nergalle
 13615 | Lair:1   | Killed Nergalle
 13697 | Lair:2   | Found a staircase to the Snake Pit.
 13797 | Lair:2   | Noticed a boulder beetle
 13803 | Lair:2   | Killed a boulder beetle
 13984 | Lair:2   | Noticed an eight-headed hydra
 13987 | Lair:2   | Killed an eight-headed hydra
 14005 | Lair:2   | Found a staircase to the Shoals.
 14026 | Lair:2   | Reached XP level 14. HP: 84/118 MP: 14/14
 14048 | Lair:2   | Found a gate leading to a gauntlet.
 14052 | Lair:2   | Noticed tykejmi's ghost (adept HOBe)
 14059 | Gauntlet | Entered a Gauntlet
 14059 | Gauntlet | Found a transporter.
 14066 | Gauntlet | Found a transporter.
 14068 | Gauntlet | Found a transporter.
 14078 | Gauntlet | Found a transporter.
 14081 | Gauntlet | Found a transporter.
 14084 | Gauntlet | Noticed a reaper
 14091 | Gauntlet | Found a transporter.
 14108 | Gauntlet | Found a transporter.
 14116 | Gauntlet | Noticed a dire elephant
 14118 | Gauntlet | Found a transporter.
 14132 | Gauntlet | Found a transporter.
 14133 | Gauntlet | Noticed an entropy weaver
 14137 | Gauntlet | Found a transporter.
 14137 | Gauntlet | Found a transporter.
 14165 | Gauntlet | Found a transporter.
 14165 | Gauntlet | Found a transporter.
 14216 | Gauntlet | Found a transporter.
 14359 | Gauntlet | Killed an entropy weaver
 14367 | Gauntlet | Identified the +8 shortbow of Exquisite Death {flame, rElec
                  | rF+++ Str-3 Stlth+}
 14368 | Gauntlet | Identified the ring of Brilliance {rN+ rCorr Int-4 SInv}
 14379 | Gauntlet | Noticed a minotaur
 14388 | Gauntlet | Killed a minotaur
 14402 | Gauntlet | Identified the +0 chain mail of Unambiguity {rF- rC+
                  | Slay+5}
 14408 | Gauntlet | Identified the +6 tower shield of the Unbearable God
                  | {Str+4}
 14472 | Lair:2   | Found a transporter.
 14501 | Lair:2   | Found a transporter.
 15111 | Lair:3   | Received a gift from Trog
 15446 | Lair:4   | Identified the ring of Obrihuu {rPois Str+6 Int+3 Slay+2
                  | SInv}
 15475 | Lair:4   | Reached skill level 17 in Maces & Flails
 16234 | Lair:5   | Entered Level 5 of the Lair of Beasts
 16430 | Lair:5   | Identified the +1 robe of Bitterness {rF+++ Will- Str+7
                  | Dex-3}
 16672 | Lair:5   | Reached XP level 15. HP: 87/126 MP: 15/15
 16754 | Lair:5   | Reached skill level 18 in Maces & Flails
 16921 | Lair:5   | Reached ****** piety under Trog
 16925 | Lair:5   | Received a gift from Trog
 17250 | Lair:5   | Found a corrupted altar of Lugonu.
 17475 | Lair:5   | Found a staircase to the Slime Pits.
 17477 | Lair:5   | Found a viscous altar of Jiyva.
 17498 | Lair:5   | Identified the +8 morningstar of True Grit {flame, rN+}
 17927 | D:14     | Found a bloodstained altar of Trog.
 18105 | D:14     | Reached skill level 15 in Fighting
 18109 | D:14     | Received a gift from Trog
 18265 | D:14     | Found Kullajis's Jewellery Shop.
 18405 | D:15     | Entered Level 15 of the Dungeon
 18482 | D:15     | Found a staircase to the Depths.
 18485 | D:15     | Reached skill level 15 in Dodging
 18491 | D:15     | Reached skill level 19 in Maces & Flails
 18957 | D:15     | Noticed Nessos
 18963 | D:15     | Killed Nessos
 19021 | D:15     | Reached XP level 16. HP: 44/136 MP: 16/16
 19467 | Orc:1    | Entered Level 1 of the Orcish Mines
 19679 | Orc:2    | Entered Level 2 of the Orcish Mines
 19721 | Orc:2    | Identified the +6 giant club of Zenunk {vorpal, Str+6}
                  | (Trog gifted it to you on level 2 of the Orcish Mines)
 19721 | Orc:2    | Received a gift from Trog
 19897 | Orc:2    | Found a staircase to the Elven Halls.
 20099 | Orc:2    | Found Duahane Xyhy's Magic Scroll Shop.
 20231 | Orc:2    | Found Uviakhloirch's General Store.
 20557 | Orc:2    | Found Ijey's Antique Armour Emporium.
 20557 | Orc:2    | Found a one-way gate leading to the halls of Pandemonium.
 20557 | Orc:2    | Found Jicous's Jewellery Shoppe.
 20565 | Orc:2    | Bought a distressingly furry chain mail for 209 gold pieces
 20565 | Orc:2    | Identified the +0 chain mail of Watchfulness {rElec rPois
                  | rF- Int+2} (You bought it in a shop on level 2 of the
                  | Orcish Mines)
 20609 | Orc:2    | Bought a scroll of fear for 64 gold pieces
 20609 | Orc:2    | Bought a scroll of identify for 32 gold pieces
 20609 | Orc:2    | Bought a scroll of identify for 32 gold pieces
 20609 | Orc:2    | Bought a scroll of fear for 64 gold pieces
 20609 | Orc:2    | Bought a scroll of fog for 64 gold pieces
 20912 | Orc:2    | Bought a manual of Dodging for 1200 gold pieces
 20988 | Orc:1    | Identified the +4 giant spiked club of Ziherphagg {vorpal,
                  | rN++} (Trog gifted it to you on level 1 of the Orcish
                  | Mines)
 20988 | Orc:1    | Received a gift from Trog
 21075 | Orc:1    | Noticed Snorg
 21083 | Orc:1    | Killed Snorg
 21328 | Shoals:1 | Entered Level 1 of the Shoals
 21340 | Shoals:1 | Reached skill level 20 in Maces & Flails
 21386 | Shoals:1 | Identified the +1 leather armour "Qeuhess" {*Corrode Int+2
                  | SInv Stlth+}
 21446 | Shoals:1 | Found Hafohimics's Antique Armour Shoppe.
 21972 | Shoals:1 | Found Zietagov's Book Boutique.
 22646 | Shoals:2 | Noticed a kraken
 22749 | Shoals:2 | Found Ziyfu's Antique Weapon Boutique.
 22816 | Shoals:2 | Reached XP level 17. HP: 52/144 MP: 17/17
 23280 | Shoals:3 | Noticed Ilsuiw
 23284 | Shoals:3 | Received a gift from Trog
 23649 | Shoals:3 | Killed Ilsuiw
 24207 | Shoals:3 | Reached skill level 21 in Maces & Flails
 24560 | Shoals:4 | Entered Level 4 of the Shoals
 24585 | Shoals:4 | Noticed a kraken
 24601 | Shoals:4 | HP: 2/146 [water nymph/the raging water (27)]
 24609 | Shoals:4 | Hit by a silver javelin thrown by a merfolk javelineer

Illustrated notes

Levels and vault maps discovered:
D:1:      scummos_arrival_simple_fountains, layout_basic
D:2:      layout_loops_ring, basic_altar
D:3:      layout_rooms, serial_shops, shop
D:4:      layout_basic, uniq_robin, uniq_pikel, uniq_crazy_yiuf_cottage
D:5:      layout_layer_cave, temple_fountains, serial_shops, nicolae_shop_trees
D:6:      layout_basic, vehumet_statue, mainiacjoe_overflow_catch_the_wave,
          gammafunk_ghost_nasty_kobolds, chequers_serial_rivers_small_3
D:7:      layout_cave_pools, mainiacjoe_overflow_catwalk
D:8:      layout_gridville, grunt_lair_entry_orc_guard_hut, enter_bailey_2,
          uniq_grum
D:9:      layout_cave_pools, mainiacjoe_overflow_divided_tiny, david_orc_4,
          uniq_prince_ribbit1, uniq_joseph, uniq_harold
D:10:     layout_grid_maze, chequers_mini_garden, chequers_serial_rivers_room_b
D:11:     layout_cross, gammafunk_ghost_hive
D:12:     layout_cave_pools, uniq_maurice
D:13:     layout_roguey [special_room_orc], david_vaults_4,
          grunt_gozag_breadcrumbs
D:14:     layout_cave_pools, serial_shops, kennysheep_little_box,
          trog_three_pillars_becter
D:15:     grunt_enter_depths_magical_seal, layout_basic, columned_hall_lemuel,
          uniq_nessos
Lair:1:   layout_regular_city, gammafunk_ghost_abyssal_escape,
          beast_lair_carwin_1, lemuel_fruit_fields, uniq_nergalle, uniq_urug,
          uniq_sonja
Lair:2:   layout_chaotic_city, elwin_shoals_entry_rooms,
          guppyfry_snake_entry_garden, gauntlet_entry_generic,
          gammafunk_ghost_arena, nzn_sisyphean_effort, grunt_megastairs_3
Lair:3:   layout_gridlike, infiniplex_staircase_pool
Lair:4:   layout_regular_city, lemuel_fruit_fields
Lair:5:   hellmonk_lair_end_abyssal_woods, layout_cave_pods,
          dpeg_slime_entry_corner
Shoals:1: layout_shoals, serial_shops, nicolae_diamond_shop, shop
Shoals:2: layout_shoals, serial_shops, nicolae_shop_stone,
          nicolae_shoals_flooded_hall
Shoals:3: layout_shoals, uniq_ilsuiw
Shoals:4: shoals_end_hangedman, layout_shoals, serial_shops,
          nicolae_lakefront_shop, nicolae_shoals_mertower
Orc:1:    layout_diamond_mine, uniq_snorg
Orc:2:    pf_orc_diabolical, layout_diamond_mine

Skill      XL: |  1  2  3  4  5  6  7  8  9 10 11 12 13 14 15 16 17 |
---------------+----------------------------------------------------+-----
Dodging        | 2 3 4 5 6 7 10 11 13 14 15 16 | 16.9
Maces & Flails | 4 6 8 9 11 13 14 16 17 19 20 21 | 21.1
Fighting       | 4 5 6 7 9 10 11 13 14 15 16 | 16.8
Armour         | |  2.1

Action                   |  1- 3 |  4- 6 |  7- 9 | 10-12 | 13-15 | 16-18 || total
-------------------------+-------+-------+-------+-------+-------+-------++-------
Melee: Mace              |    92 |   145 |       |       |       |       ||   237
       Punch             |     1 |     2 |     3 |     2 |       |       ||     8
       Flail             |       |    59 |    60 |       |       |       ||   119
       Whip              |       |       |   183 |    38 |       |       ||   221
       Giant club        |       |       |       |   228 |   479 |   282 ||   989
       Giant spiked club |       |       |       |       |       |   340 ||   340
Throw: Stone             |     2 |       |       |       |       |       ||     2
       Dart              |       |     4 |       |     4 |     9 |     6 ||    23
       Boomerang         |       |     2 |       |       |       |       ||     2
Invok: Trog's Hand       |       |     3 |     3 |     7 |     4 |    21 ||    38
       Brothers in Arms  |       |       |       |       |       |     6 ||     6
Evoke: Wand              |       |       |    14 |     4 |     6 |    44 ||    68
  Use: Scroll            |       |       |     5 |    15 |     7 |    10 ||    37
       Potion            |       |       |       |     1 |       |    11 ||    12
 Stab: Sleeping          |     2 |       |       |       |     1 |       ||     3
       Distracted        |       |       |       |       |     5 |     2 ||     7
Armor: Animal skin       |     8 |       |       |       |       |       ||     8
       Leather armour    |    15 |       |       |       |       |       ||    15
       Scale mail        |       |    99 |    79 |       |       |       ||   178
       Steam dragon scal |       |       |    19 |    70 |       |       ||    89
       Troll leather arm |       |       |       |    17 |    56 |    53 ||   126
       Chain mail        |       |       |       |       |    64 |   104 ||   168
       Robe              |       |       |       |       |    23 |    32 ||    55
Dodge: Dodged            |    53 |   119 |   143 |   218 |   329 |   626 ||  1488
Block: Other             |       |       |       |    35 |       |       ||    35
       Reflection        |       |       |       |     7 |       |       ||     7
